 Dungeon Crawl Stone Soup version 0.24-a0-446-g87df720 (webtiles) character file.

Game seed: 13860194923238595306

25 robertstho the Chucker (level 2, -1/27 HPs)
             Began as a Troll Hunter on June 24, 2019.
             Slain by a gnoll
             ... wielding a +0 halberd
              (4 damage)
             ... on level 2 of the Dungeon.
             The game lasted 00:01:34 (828 turns).

robertstho the Chucker (Troll Hunter)                Turns: 828, Time: 00:01:34

Health: -1/27      AC:  6    Str: 19    XL:     2   Next: 82%
Magic:  1/1        EV: 10    Int:  7    God:
Gold:   36         SH:  0    Dex: 10    Spells: 1/1 levels left

rFire    . . .     SeeInvis .   (no weapon)
rCold    + . .     Gourm    +   (no shield)
rNeg     . . .     Faith    .   b - +0 robe
rPois    .         Spirit   .   (helmet restricted)
rElec    .         Reflect  .   (no cloak)
rCorr    .         Harm     .   (gloves unavailable)
MR       .....                  (boots unavailable)
Stlth    +.........             (no amulet)
HPRegen  0.49/turn              g - ring of protection from cold
MPRegen  0.07/turn              (no ring)

@: no status effects
A: large, unfitting armour, claws 3, fast metabolism 3, gourmand, regeneration
1, shaggy fur 1, tough skin 3
a: no special abilities


You were on level 2 of the Dungeon.
You were completely stuffed.

You visited 1 branch of the dungeon, and saw 2 of its levels.

You collected 36 gold pieces.

Inventory:

Missiles
 c - 5 large rocks (quivered)
 d - 2 throwing nets
Armour
 b - a +0 robe (worn)
Jewellery
 g - a ring of protection from cold (left claw)
Scrolls
 e - 3 scrolls of remove curse {unknown}
 h - a scroll of fear {unknown}
 k - a scroll of teleportation {unknown}
 l - a scroll of amnesia {unknown}
Potions
 a - a potion of agility {unknown}
 j - 2 potions of mutation {unknown}
Comestibles
 f - 6 rations
 i - 2 chunks of flesh


   Skills:
 + Level 1.6 Fighting
 + Level 4.2 Throwing
 * Level 1.9 Dodging
 + Level 0.4 Stealth
 + Level 0.1 Unarmed Combat


You had one spell level left.
You didn't know any spells.
Your spell library was empty.

Dungeon Overview and Level Annotations

Branches:
Dungeon (2/15)

Altars:


Innate Abilities, Weirdness & Mutations

You are too large for most types of armour.
You have claws for hands.
Your metabolism is lightning-fast.
You like to eat raw meat.
Your natural rate of healing is unusually fast.
You are covered in fur. (AC +1)
You have extremely tough skin. (AC +3)


Message History

There is an open door here.
You open the door.
There is an open door here.
There is an open door here.
There is a stone staircase leading down here.
You climb downwards.
Found a spear and 17 bolts.
There is a stone staircase leading up here.
The gnoll shouts!
The gnoll hits you from afar with a +0 halberd!
The gnoll hits you with a +0 halberd!
Ouch! That really hurt!
* * * LOW HITPOINT WARNING * * *
You scratch the gnoll.
The gnoll is lightly wounded.
The gnoll barely misses you.
You scratch the gnoll.
The gnoll is moderately wounded.
The gnoll hits you with a +0 halberd.
You die...

####.#.#.#
#....#.#.# #(
##.##.#.#.#####.##
#....<#..........#
#.g#..#..........#
##.#........####)##
#.#........#.....#
##.####.....#.##..#
#..........g.@g..<#
#########...####..#
.....)........#
#####.#######.# ...
.... ##. #.#.# #.
#.#.# # #.# # .#


You could see 2 gnolls.

Vanquished Creatures
  2 dart slugs (D:1)
  A giant cockroach (D:1)
  2 goblins (D:1)
  2 hobgoblins (D:1)
  3 jackals (D:1)
  A ball python (D:1)
  6 bats (D:1)
  2 frilled lizards (D:1)
  2 kobolds (D:1)
21 creatures vanquished.

Notes
Turn   | Place    | Note
-------+----------+-------------------------------------------
     0 | D:1      | robertstho the Troll Hunter began the quest for the Orb.
     0 | D:1      | Reached XP level 1. HP: 19/19 MP: 0/0
   119 | D:1      | Reached skill level 4 in Throwing
   156 | D:1      | Reached XP level 2. HP: 27/27 MP: 1/1
   828 | D:2      | Slain by a gnoll

Levels and vault maps discovered:
D:1:      minmay_arrival_four_loops, layout_basic, minmay_unequal
D:2:      layout_basic, nicolae_overflow_hidden_temple,
          nicolae_ru_sacrificial_ziggurat, minmay_overflow_temple_star_quad

Skill      XL: |  1 |
---------------+----+-----
Throwing       | 4 |  4.2
Fighting       | |  1.6
Dodging        | |  1.9
Stealth        | |  0.4
Unarmed Combat | |  0.1

Action                   || total
-------------------------++-------
Melee: Short sword       ||    22
       Unarmed           ||    53
  Eat: Chunk             ||    13
Armor: Robe              ||    50
Dodge: Dodged            ||    65

Table legend:
 A = Non-vault XP
 B = Vault XP
 C = Vault XP percentage of total XP
 D = Non-vault monster count
 E = Vault monster count
 F = Vault count percentage of total count
                 A         B        C        D         E       F
            +---------+---------+-------+---------+---------+-------
      Total |      28 |       8 |  22.2 |      18 |       3 |  14.3
            +---------+---------+-------+---------+---------+-------
        D:1 |      28 |       8 |  22.2 |      18 |       3 |  14.3
            +---------+---------+-------+---------+---------+-------
